 Dungeon Crawl Stone Soup version 0.23.2-1-ga50397a6bc (webtiles) character file.

Game seed: 5273365902807303815

93 Foic the Conjurer (level 4, -1/33 HPs)
             Began as a Demigod Conjurer on May 27, 2019.
             Slain by an orc warrior
             ... wielding a +0 long sword
              (26 damage)
             ... on level 2 of the Dungeon.
             The game lasted 00:13:50 (3137 turns).

Foic the Conjurer (Demigod Conjurer)                Turns: 3137, Time: 00:13:51

Health: -1/33      AC:  3    Str: 11    XL:     4   Next: 15%
Magic:  2/11       EV: 13    Int: 21    God:
Gold:   126        SH:  0    Dex: 16    Spells: 3/9 levels left

rFire    . . .     SeeInvis .   e - +1 hunting sling
rCold    . . .     Gourm    .   (no shield)
rNeg     . . .     Faith    .   a - +1 robe
rPois    .         Spirit   .   (no helmet)
rElec    .         Reflect  .   (no cloak)
rCorr    +         Harm     .   (no gloves)
MR       .....                  (no boots)
Stlth    ++........             j - amulet of regeneration
HPRegen  0.51/turn              v - ring of resist corrosion
MPRegen  0.12/turn              (no ring)

@: no status effects
A: high mp 1
a: no special abilities


You were on level 2 of the Dungeon.
You were not hungry.

You visited 1 branch of the dungeon, and saw 3 of its levels.

You collected 126 gold pieces.

Inventory:

Hand Weapons
 e - a +1 hunting sling (weapon)
 s - a cursed -2 short sword
Missiles
 g - 37 stones (quivered)
 i - 43 arrows
 l - 37 sling bullets
 q - 2 silver tomahawks
 u - 17 poisoned needles
Armour
 a - a +1 robe (worn)
Jewellery
 j - an amulet of regeneration (around neck)
 v - a ring of resist corrosion (left hand)
Wands
 w - a wand of clouds (8)
Scrolls
 f - 6 scrolls of identify
 o - a scroll of amnesia {unknown}
 p - a scroll of enchant weapon
 r - a scroll of enchant armour
Potions
 d - a potion of mutation {unknown}
 h - a potion of magic {unknown}
 m - 2 potions of might {unknown}
 n - a potion of lignification {unknown}
Comestibles
 c - 6 rations


   Skills:
 * Level 2.1 Dodging
 + Level 1.7 Stealth
 * Level 3.1 Spellcasting
 + Level 4.2 Conjurations


You had 3 spell levels left.
You knew the following spells:

 Your Spells              Type           Power        Failure   Level  Hunger
a - Magic Dart            Conj           ###.         2%          1    None
b - Searing Ray           Conj           ###...       3%          2    ##.....
c - Dazzling Spray        Conj/Hex       ##....       16%         3    ###....

Your spell library contained the following spells:

 Spells                   Type           Power        Failure   Level  Hunger
 Iskenderun's Mystic Bla  Conj           ###.....     22%         4    ####...
 Force Lance              Conj/Tloc      ##......     47%         4    ####...
 Fulminant Prism          Conj/Hex       ##........   47%         4    ####...


Dungeon Overview and Level Annotations

Branches:
Dungeon (3/15)

Portals:
Sewer: D:3


Innate Abilities, Weirdness & Mutations

You have an increased reservoir of magic. (+10% MP)


Message History

The orc warrior is almost dead.
The orc warrior completely misses you.
Casting: Magic Dart (safe; 2% risk of failure)
Confirm with . or Enter, or press ? or * to list all spells.
Aiming: Magic Dart (safe; 2% risk of failure)
Press: ? - help, Shift-Dir - straight line, f/p - orc warrior
Aim: an orc warrior, wielding a +0 long sword and wearing a +0 plate armour (almost dead)
The magic dart hits the orc warrior but does no damage.
The orc warrior is almost dead.
The orc warrior misses you.
Casting: Magic Dart (safe; 2% risk of failure)
Confirm with . or Enter, or press ? or * to list all spells.
Aiming: Magic Dart (safe; 2% risk of failure)
Press: ? - help, Shift-Dir - straight line, f/p - orc warrior
Aim: an orc warrior, wielding a +0 long sword and wearing a +0 plate armour (almost dead)
The magic dart hits the orc warrior but does no damage.
The orc warrior is almost dead.
The orc warrior hits you with a +0 long sword!!
Ouch! That really hurt!
You die...

.# ###.### #.# #........# .#
#(....# #.# #.##...#.#
.###.###.### #.#####.###.##.#
.[...# #...###.##...<.......#
.###.###.#.##...#.##.#.###..# .#
#......<............# #..# .#
###.##..##.#.####.#.###..# .###
#.##...##..####........#
...###.##.......@o..........#
....##.##...##..####.####..##
....##)##..###..##.....##..######
.......##..#
#..#.......#.###.รทรท.
...........# #..#.......#.# #.###
.......##..# ##....._.....# #.#
#...##.##..####.#.......#.# #.#
#...##.##.......#.......#.###.#
##.........####.##.....##..##.#


You could see an orc warrior.

Vanquished Creatures
  An orc wizard (D:2)
  A worm (D:2)
  5 leopard geckos
  2 orcs
  2 giant cockroaches (D:3)
  3 goblins (D:1)
  11 hobgoblins
  4 jackals
  2 quokkas
  5 bats
  6 frilled lizards
  6 kobolds
  3 rats
51 creatures vanquished.

Notes
Turn   | Place    | Note
-------+----------+-------------------------------------------
     0 | D:1      | Foic the Demigod Conjurer began the quest for the Orb.
     0 | D:1      | Reached XP level 1. HP: 14/14 MP: 5/5
   430 | D:1      | Reached XP level 2. HP: 20/20 MP: 4/7
   434 | D:1      | Learned a level 2 spell: Searing Ray
   435 | D:1      | Reached skill level 4 in Conjurations
  1316 | D:2      | Reached XP level 3. HP: 26/26 MP: 6/9
  1321 | D:2      | Learned a level 3 spell: Dazzling Spray
  1568 | D:2      | Found an ancient bone altar of Kikubaaqudgha.
  1688 | D:2      | Found a shimmering altar of Xom.
  1690 | D:2      | Found a radiant altar of Vehumet.
  1690 | D:2      | Found a white marble altar of Elyvilon.
  1691 | D:2      | Found a shattered altar of Ashenzari.
  1691 | D:2      | Found a snail-covered altar of Cheibriados.
  1691 | D:2      | Found an ornate altar of the Wu Jian Council.
  2084 | D:3      | Found a stormy altar of Qazlal.
  2351 | D:3      | Found a glowing drain.
  2370 | D:3      | Noticed an orc warrior
  2471 | D:2      | Reached XP level 4. HP: 32/33 MP: 0/11
  3137 | D:2      | Slain by an orc warrior

Skill      XL: |  1  2  3 |
---------------+----------+-----
Dodging        | 2 |  2.1
Conjurations   | 4 |  4.2
Spellcasting   | 2 3 |  3.1
Stealth        | |  1.7

Action                   |  1- 3 |  4- 6 || total
-------------------------+-------+-------++-------
 Cast: Magic Dart        |   108 |    17 ||   125
       Searing Ray       |     9 |     5 ||    14
       Dazzling Spray    |     1 |    10 ||    11
  Use: Scroll            |     5 |       ||     5
       Potion            |     1 |       ||     1
  Eat: Chunk             |     6 |       ||     6
       Ration            |       |     1 ||     1
Armor: Robe              |     3 |     2 ||     5
Dodge: Dodged            |    21 |    29 ||    50
